cohdb
Replays
Latest Replays
All Replays
Popular Replays
Top Player Replays
Match Explorer
How It Works
Community
CoH3 Stats
Reddit
Sign in to upload your games and track your stats! →
Sign in with Steam
Match 45828537
Unlisted
Match 45828537
Overview
Messages
Build Orders
End
Construct Infanterie Kompanie
Grenadier Squad
Grenadier Squad
MG 42 Machine Gun Team
Grenadier Squad
Construct Panzergrenadier Kompanie
Pak 40 Anti-tank Gun Team
251 Medium Carrier
Pioneer Squad
Panzergrenadier Squad
Medical Station
Support Elements
StuG III G Assault Gun
Nebelwerfer 42 Rocket Launcher Team
StuG III G Assault Gun
Side Skirts
Pioneer Squad
Panzergrenadier Squad
Panzergrenadier Squad
Selects Breakthrough Battlegroup
Selects 2.5-tonne Cargo Truck
Selects Blitzkrieg
Selects Tiger Heavy Tank
Tiger Heavy Tank
Made in Germany
✠ OG_Raw_44 ✠
✠ I think, I am above you ✠
M8 Rex
Pandonja
Prophet
Top Lobster
Oncle-Hô
0
0
Comments
sign in to comment!
No comments posted yet!